 Dungeon Crawl Stone Soup version 0.27-a0-1186-g8b4daa1eef (webtiles) character file.

Game seed: 5177076904333924251

133174 rjrrt the Brawler (level 16, -5/250 HPs)
             Began as a Troll Berserker on May 18, 2021.
             Was a High Priest of Trog.
             Slain by a tyrant leech (27 damage)
             ... called by a spriggan druid
             ... on level 1 of the Swamp on May 19, 2021.
             The game lasted 01:18:59 (24578 turns).

rjrrt the Brawler (Troll Berserker)                Turns: 24578, Time: 01:19:00

Health: -5/250     AC: 13    Str: 34    XL:     16   Next: 59%
Magic:  6/6        EV: 11    Int:  7    God:    Trog [*****.]
Gold:   2744       SH: 15    Dex: 15    Spells: 15/15 levels left

rFire    . . .     SeeInvis +     - Unarmed
rCold    . . .     Faith    .   x - +0 kite shield
rNeg     . . .     Spirit   .   U - +2 troll leather armour
rPois    .         Reflect  +   K - +2 hat
rElec    .         Harm     .   r - +2 cloak
rCorr    .         Rampage  .   (gloves unavailable)
Will     ++...                  (boots unavailable)
Stlth    ..........             N - amulet of reflection
HPRegen  2.51/turn              g - ring of Uxteg {Fly Int+4 Dex+3 Slay+2}
MPRegen  0.10/turn              F - ring "Zuiskyg" {Will+ MP-9 Dex+3 SInv}

@: berserking (expiring), flying, studying Dodging, very quick
A: large, unfitting armour, claws 3, regeneration 1, shaggy fur 1, tough skin 1
a: Renounce Religion, Berserk, Trog's Hand, Brothers in Arms


You were on level 1 of the Swamp.
You worshipped Trog.
Trog was extremely pleased with you.
You visited 4 branches of the dungeon, and saw 24 of its levels.
You also visited: Bailey, Gauntlet, Ice Cave and Volcano.

You collected 3916 gold pieces.
You spent 1172 gold pieces at shops.

Inventory:

Hand Weapons
 b - a +2 demon whip of electrocution
 c - a +0 demon trident of venom
 d - the +11 war axe of Egaf Weh {vorpal, rC++}
   (Trog gifted it to you in a bailey)

   It inflicts extra damage upon your enemies.
   It greatly protects you from cold.
Missiles
 E - 11 throwing nets
 J - 29 javelins (quivered)
 P - 7 silver javelins
 R - 42 large rocks
Armour
 r - a +2 cloak (worn)
 x - a +0 kite shield (worn)
 K - a +2 hat (worn)
 U - a +2 troll leather armour (worn)
Jewellery
 f - a ring of positive energy
 g - the ring of Uxteg (left claw) {Fly Int+4 Dex+3 Slay+2}
   (You found it in a Gauntlet)

   [ring of flight]

   It affects your intelligence (+4).
   It affects your dexterity (+3).
   It affects your accuracy and damage with ranged weapons and melee attacks
   (+2).
   It grants you flight.
 o - a ring of protection from fire
 F - the ring "Zuiskyg" (right claw) {Will+ MP-9 Dex+3 SInv}
   (You acquired it on level 2 of the Orcish Mines)

   [ring of see invisible]

   It affects your dexterity (+3).
   It affects your magic capacity (-9).
   It lets you see invisible.
   It increases your willpower.
 N - an amulet of reflection (around neck)
Wands
 l - a wand of paralysis (17)
 m - a wand of flame (15)
 v - a wand of polymorph (11)
 C - a wand of iceblast (30)
 D - a wand of digging (5)
Scrolls
 a - 2 scrolls of magic mapping
 q - a scroll of holy word
 w - a scroll of fog
 A - 3 scrolls of blinking
 B - 5 scrolls of identify
 H - 6 scrolls of teleportation
 O - a scroll of enchant armour
 Q - 3 scrolls of summoning
Potions
 i - 3 potions of ambrosia
 k - 4 potions of mutation
 n - 8 potions of haste
 p - 8 potions of attraction
 s - 10 potions of curing
 t - 5 potions of heal wounds
 u - 10 potions of lignification
 z - a potion of might
 G - 3 potions of invisibility
 M - a potion of cancellation


   Skills:
 + Level 12.4 Fighting
 + Level 2.9(3.7) Axes
 - Level 4.0(4.5) Maces & Flails
 + Level 13.1 Throwing
 + Level 8.7 Dodging
 + Level 2.7 Shields
 * Level 19.3 Unarmed Combat


You had 15 spell levels left.
You didn't know any spells.
Your spell library was empty.

Dungeon Overview and Level Annotations

Branches:
Dungeon (15/15)            Temple (0/1) D:5            Lair (6/6) D:9
  Swamp (1/4) Lair:4       Spider (0/4) Lair:2        Slime (0/5) Lair:6
    Orc (2/2) D:12            Elf (0/3) Orc:2        Vaults (0/5) D:13
 Depths (0/5) D:15         Bailey (visited)           IceCv (visited)
Volcano (visited)         Gauntlet (visited)

Altars:
Ashenzari
Cheibriados
Dithmenos
Elyvilon
Gozag
Hepliaklqana
Makhleb
Nemelex Xobeh
Okawaru
Qazlal
Ru
Trog
Vehumet
Wu Jian
Xom
The Shining One
Beogh
Jiyva

Shops:
D:13 *   D:15 :   Orc:1 (?   Orc:2 *:?!

Annotations:
D:5 exclusions: door and 1 more exclusion
Lair:3 exclusion: oklob plant
Lair:5 exclusion: 2 oklob plants


Innate Abilities, Weirdness & Mutations

You are too large for most types of armour.
You have claws for hands.
Your natural rate of healing is unusually fast.
You are covered in fur. (AC +1)
You have tough skin. (AC +1)


Message History

Unknown command.
You eviscerate the alligator!!!
The alligator is heavily wounded.
The alligator barely misses you.
The alligator tail-slaps you but does no damage.
The swamp worm bites you!!
* * * LOW HITPOINT WARNING * * *
You block the swamp worm's attack.
Unknown command.
You eviscerate the alligator!!!
You kill the alligator!
Trog accepts your kill.
You eviscerate the swamp worm!!!
You kill the swamp worm!
Trog accepts your kill. Something appears at your feet!
You see here a +6 antimagic dire flail.
Trog grants you a weapon! The swamp worm bites you!!
* * * LOW HITPOINT WARNING * * *
You claw the swamp worm!
The swamp worm is moderately wounded.
The swamp worm completely misses you.
Unknown command.
You eviscerate the swamp worm!!!
You kill the swamp worm!
Trog accepts your kill.
Unknown command.
Unknown command.
You see here a swamp worm corpse.
You feel a strong urge to attack something.
The tyrant leech bites you but does no damage.
Things that are here:
a +0 quarterstaff; a +0 robe Unknown command.
You miss the tyrant leech.
Unknown command.
You closely miss the tyrant leech.
Unknown command.
You barely miss the tyrant leech. The tyrant leech bites you!!
You die...

♣♣.≈≈≈≈≈....♣≈
♣.≈≈†≈≈≈......≈≈≈.≈ .≈
♣≈≈≈≈§≈...≈≈≈≈≈≈≈≈. >.≈≈
♣≈.≈≈≈.≈.≈≈≈≈≈≈..$.
≈≈≈≈.♣♣<≈≈≈..≈≈≈≈≈....≈≈
≈≈≈≈.....≈≈≈≈≈≈≈≈≈....§≈
.≈≈§≈≈≈≈....§≈≈≈≈≈......
§≈≈.≈≈≈≈.)..≈§≈≈≈≈≈.♣
.≈≈......♣♣♣.w@†≈≈≈.♣
........♣♣ ♣≈...)..♣♣
♣♣♣♣♣♣♣≈♣ ♣...♣!.≈..♣
♣♣♣ ♣..≈.≈≈≈≈♣♣
♣♣♣♣.≈≈.♣♣ ♣≈..♣♣ ♣♣.♣♣
♣♣♣


You could see a tyrant leech.

Vanquished Creatures
  Gastronok (Lair:2)
  Kirke (D:14)
  An orc warlord (Orc:1)
  A stone giant (D:15)
  The ghost of Meop the Eclecticist, a journeyman DEAE of Vehumet (D:14)
  An entropy weaver (shapeshifter) (Gauntlet)
  Harold (D:8)
  2 vault guards (D:13)
  A rakshasa (D:11)
  Fannar (Lair:3)
  10 hydras
  6 centaur warriors
  2 boulder beetles
  2 death knights
  2 catoblepae
  2 alligators
  2 tengu warriors
  11 two-headed ogres
  6 death yaks (Lair:6)
  4 orc high priests (Orc:2)
  Urug (D:10)
  6 skeletal warriors
  2 goliath frogs (Swamp:1)
  2 spriggan druids
  5 orc knights
  A swamp dragon (Swamp:1)
  2 bog bodies (Lair:4)
  A wizard (D:10)
  A lindwurm (Lair:6)
  2 deep elf pyromancers (D:15)
  8 cyclopes
  6 orc sorcerers
  An oklob plant (Lair:6)
  5 manticores
  6 ugly things
  22 elephants
  3 ice statues (IceCv)
  Joseph (D:7)
  4 black mambas
  8 gargoyles
  A torpor snail (Lair:5)
  22 cane toads
  4 rime drakes
  An unseen horror (D:13)
  A komodo dragon (shapeshifter) (Gauntlet)
  8 komodo dragons
  2 tengu conjurers
  A demonic crawler (Lair:2)
  An efreet (D:14)
  8 trolls
  7 tyrant leeches
  4 hornets
  16 blink frogs
  2 harpy skeletons (Volcano)
  7 polar bears
  A raiju (Gauntlet)
  Prince Ribbit (D:5)
  16 dream sheep
  13 slime creatures
  A centaur simulacrum (D:15)
  2 flying skulls (Volcano)
  40 yaks
  A shadow (D:9)
  10 wraiths
  5 wyverns
  3 vampires
  2 alligator skeletons (Volcano)
  6 basilisks
  Sigmund (D:5)
  Eustachio (D:4)
  11 vampire mosquitoes
  6 steam dragons
  4 wargs
  8 swamp worms
  4 acid dragons
  12 water moccasins
  7 ice beasts
  4 sky beasts
  4 black bears
  19 orc warriors
  6 wolves (Lair:4)
  4 ogres
  19 centaurs
  A phantom (D:5)
  Blork the orc (D:5)
  5 kobold brigands
  25 bullfrogs
  9 gnoll sergeants
  7 scorpions
  A water moccasin zombie (D:5)
  A water moccasin skeleton (D:5)
  3 killer bees
  2 electric eels
  2 spriggan skeletons (Volcano)
  4 vampire bats (Lair:6)
  11 wights
  2 howler monkeys (D:10)
  4 centaur zombies
  5 hounds
  3 jellies
  Crazy Yiuf (D:3)
  3 bullfrog zombies
  8 gnoll shamans
  20 orc priests
  3 centaur skeletons
  An iguana (D:6)
  Ijyb (D:3)
  Natasha (thrice) (D:4)
  19 orc wizards
  Terence (D:2)
  5 naga skeletons (Volcano)
  2 hound skeletons (D:5)
  28 gnolls
  3 adders
  A shadow imp (D:7)
  A white imp (D:7)
  2 ufetubi (D:5)
  An adder skeleton (D:4)
  4 worms
  2 dart slugs
  63 orcs
  2 endoplasms (D:1)
  2 giant cockroaches
  12 goblins
  6 hobgoblins
  13 jackals
  28 kobolds
  2 quokkas
  4 ball pythons
  10 bats
  A frilled lizard (D:1)
  2 rats
781 creatures vanquished.

Vanquished Creatures (collateral kills)
  An orc warlord (Orc:1)
  A minotaur (Gauntlet)
  2 hydras
  2 vault guards (D:13)
  Erica (Orc:1)
  Nergalle (Orc:1)
  A skeletal warrior (Volcano)
  An ugly thing (IceCv)
  A cyclops (D:10)
  A gargoyle (D:10)
  2 komodo dragons
  A vampire (D:13)
  2 yaks (D:10)
  A naga (shapeshifter) (D:10)
  An acid dragon (D:10)
  4 orc warriors
  An ogre (Orc:1)
  2 orc priests
  2 orc wizards
  13 orcs
41 creatures vanquished.

Vanquished Creatures (others)
  A scorpion (D:5)
  An orc priest (D:5)
  2 hounds (D:5)
  An adder (D:5)
  An orc (D:5)
  3 kobolds
  36 fungi
  115 plants
160 creatures vanquished.

Grand Total: 982 creatures vanquished

Notes
Turn   | Place    | Note
-------+----------+-------------------------------------------
     0 | D:1      | rjrrt the Troll Berserker began the quest for the Orb.
     0 | D:1      | Reached XP level 1. HP: 22/22 MP: 0/0
   206 | D:1      | Reached XP level 2. HP: 29/29 MP: 1/1
   346 | D:1      | Reached ** piety under Trog
   374 | D:1      | Reached XP level 3. HP: 36/36 MP: 2/2
   652 | D:2      | Reached skill level 4 in Unarmed Combat
   724 | D:2      | Reached skill level 1 in Throwing
   737 | D:2      | Noticed Terence
   752 | D:2      | Killed Terence
   753 | D:2      | Reached XP level 4. HP: 45/45 MP: 3/3
   880 | D:2      | Found a faded altar of an unknown god.
  1068 | D:3      | Noticed Ijyb
  1082 | D:3      | Killed Ijyb
  1305 | D:3      | Reached XP level 5. HP: 47/53 MP: 4/4
  1731 | D:3      | Found a runed translucent door.
  1763 | D:3      | Noticed Crazy Yiuf
  1771 | D:3      | Killed Crazy Yiuf
  2110 | D:4      | Reached skill level 5 in Unarmed Combat
  2234 | D:4      | Reached *** piety under Trog
  2235 | D:4      | Reached XP level 6. HP: 61/61 MP: 5/5
  2303 | D:4      | Identified a scroll of acquirement
  2303 | D:4      | Acquired a +4 ring of slaying
  2356 | D:4      | Found a stormy altar of Qazlal.
  2356 | D:4      | Noticed Eustachio
  2387 | D:4      | Killed Eustachio
  2388 | D:4      | Reached skill level 6 in Unarmed Combat
  3032 | D:5      | Entered Level 5 of the Dungeon
  3033 | D:5      | Noticed an orc warrior
  3049 | D:4      | Noticed Natasha
  3053 | D:4      | Killed Natasha
  3054 | D:4      | Reached XP level 7. HP: 68/68 MP: 6/6
  3178 | D:4      | Noticed Natasha
  3183 | D:4      | Killed Natasha
  3366 | D:4      | Noticed Natasha
  3371 | D:4      | Killed Natasha
  3396 | D:5      | Noticed Prince Ribbit
  3404 | D:5      | Killed Prince Ribbit
  3422 | D:5      | Reached skill level 7 in Unarmed Combat
  3458 | D:5      | Noticed Blork the orc
  3467 | D:4      | Reached XP level 8. HP: 63/79 MP: 7/7
  3485 | D:5      | Killed Blork the orc
  3559 | D:5      | Found a shimmering altar of Xom.
  3663 | D:5      | Reached skill level 5 in Fighting
  3663 | D:5      | Reached skill level 8 in Unarmed Combat
  3680 | D:5      | Noticed Sigmund
  3683 | D:5      | Reached **** piety under Trog
  3705 | D:5      | Killed Sigmund
  3735 | D:5      | Found a staircase to the Ecumenical Temple.
  3784 | D:5      | Reached skill level 5 in Throwing
  3815 | D:5      | Reached XP level 9. HP: 88/88 MP: 8/8
  3893 | D:5      | Reached skill level 9 in Unarmed Combat
  4047 | D:5      | Noticed a two-headed ogre
  4057 | D:5      | Killed a two-headed ogre
  4446 | D:6      | Found a broken altar of Ashenzari.
  4487 | D:6      | Reached skill level 10 in Unarmed Combat
  4646 | D:6      | Reached ***** piety under Trog
  5122 | D:7      | Noticed Joseph
  5189 | D:7      | Killed Joseph
  5245 | D:7      | Found a sparkling altar of Nemelex Xobeh.
  5329 | D:7      | Found a shadowy altar of Dithmenos.
  5337 | D:7      | Reached XP level 10. HP: 100/100 MP: 9/9
  5575 | D:7      | Found a hazy altar of Hepliaklqana.
  5691 | D:7      | Found a white marble altar of Elyvilon.
  5793 | D:8      | Noticed Harold
  5808 | D:8      | Killed Harold
  5809 | D:8      | Reached skill level 11 in Unarmed Combat
  5963 | D:8      | Found a burning altar of Makhleb.
  6233 | D:8      | Received a gift from Trog
  6857 | D:9      | Acquired 487 gold pieces
  6874 | D:9      | Found an opulent altar of Gozag.
  6876 | D:9      | Found a bloodstained altar of Trog.
  6877 | D:9      | Found a glowing golden altar of the Shining One.
  7089 | D:9      | Reached skill level 12 in Unarmed Combat
  7097 | D:9      | Found a staircase to the Lair.
  7326 | D:9      | Reached XP level 11. HP: 103/109 MP: 10/10
  7453 | D:9      | Identified the ring "Poniarph" {Fire rN+}
  7531 | D:9      | Found an iron altar of Okawaru.
  7532 | D:9      | Found a sacrificial altar of Ru.
  7619 | Lair:1   | Entered Level 1 of the Lair of Beasts
  7846 | Lair:1   | Noticed a seven-headed hydra
  7861 | Lair:1   | Killed a seven-headed hydra
  8510 | Lair:2   | Noticed Gastronok
  8533 | Lair:2   | Killed Gastronok
  8534 | Lair:2   | Reached skill level 13 in Unarmed Combat
  8673 | Lair:2   | Found a hole to the Spider Nest.
  8900 | Lair:2   | Noticed a seven-headed hydra
  8904 | Lair:2   | Killed a seven-headed hydra
  9315 | Lair:3   | Reached XP level 12. HP: 76/122 MP: 11/11
  9449 | Lair:3   | Reached skill level 14 in Unarmed Combat
  9632 | Lair:3   | Noticed an eight-headed hydra
  9648 | Lair:3   | Killed an eight-headed hydra
  9682 | Lair:3   | Noticed Fannar
  9691 | Lair:3   | Killed Fannar
 10344 | Lair:4   | Found a dark tunnel.
 10361 | Volcano  | Entered a volcano
 10610 | Volcano  | Reached skill level 10 in Throwing
 10610 | Volcano  | Reached skill level 15 in Unarmed Combat
 10920 | Lair:4   | Noticed a six-headed hydra
 10953 | Lair:4   | Killed a six-headed hydra
 10954 | Lair:4   | Reached XP level 13. HP: 133/133 MP: 12/12
 11096 | Lair:4   | Reached skill level 10 in Fighting
 11397 | Lair:4   | Found a staircase to the Swamp.
 11826 | Lair:5   | Received a gift from Trog
 11987 | Lair:5   | Reached skill level 16 in Unarmed Combat
 12646 | Lair:6   | Entered Level 6 of the Lair of Beasts
 12958 | Lair:6   | Reached XP level 14. HP: 118/144 MP: 13/13
 12965 | Lair:6   | Upgraded the game from 0.27-a0-1184-ge86db4a01e to
                  | 0.27-a0-1186-g8b4daa1eef
 13194 | Lair:6   | Received a gift from Trog
 13249 | Lair:6   | Reached ****** piety under Trog
 13308 | Lair:6   | Reached skill level 17 in Unarmed Combat
 13906 | Lair:6   | Identified the Volume of Flight and Changing
 14065 | Lair:6   | Found a viscous altar of Jiyva.
 14065 | Lair:6   | Found a staircase to the Slime Pits.
 14300 | D:10     | Entered Level 10 of the Dungeon
 14379 | D:10     | Found a snail-covered altar of Cheibriados.
 14535 | D:10     | Reached skill level 1 in Maces & Flails
 14591 | D:10     | Received a gift from Trog
 15030 | D:10     | Noticed Urug
 15037 | D:10     | Killed Urug
 15096 | D:10     | Found a radiant altar of Vehumet.
 15550 | D:10     | Reached XP level 15. HP: 147/154 MP: 14/14
 16363 | D:11     | Reached skill level 5 in Dodging
 16363 | D:11     | Reached skill level 18 in Unarmed Combat
 17335 | D:12     | Found a gate leading to a gauntlet.
 17345 | Gauntlet | Entered a Gauntlet
 17345 | Gauntlet | Found a transporter.
 17345 | Gauntlet | Found a transporter.
 17345 | Gauntlet | Found a transporter.
 17346 | Gauntlet | Found a transporter.
 17368 | Gauntlet | Found a transporter.
 17378 | Gauntlet | Found a transporter.
 17394 | Gauntlet | Found a transporter.
 17404 | Gauntlet | Found a transporter.
 17420 | Gauntlet | Found a transporter.
 17426 | Gauntlet | Found a transporter.
 17467 | Gauntlet | Found a transporter.
 17516 | Gauntlet | Found a transporter.
 17594 | Gauntlet | Identified the ring of Uxteg {Fly Int+4 Dex+3 Slay+2}
 17622 | Gauntlet | Received a gift from Trog
 17744 | Gauntlet | Identified the +5 ring mail "Doomuir" {rN+ Will++ Int-2}
 17771 | Gauntlet | Identified Sif Muna's Tome of Noxious Moulding
 18207 | D:12     | Found a staircase to the Orcish Mines.
 18724 | Orc:1    | Entered Level 1 of the Orcish Mines
 18798 | Orc:1    | Noticed Nergalle
 18816 | Orc:1    | Killed Nergalle
 18826 | Orc:1    | Noticed Erica
 18833 | Orc:1    | Killed Erica
 18866 | Orc:1    | Found Juczun's Antique Weapon Emporium.
 18951 | Orc:1    | Noticed an orc warlord
 18974 | Orc:1    | Killed an orc warlord
 19381 | Orc:2    | Entered Level 2 of the Orcish Mines
 19381 | Orc:2    | Found a staircase to the Elven Halls.
 19464 | Orc:2    | Received a gift from Trog
 19879 | Orc:2    | Found Oseot's Distillery.
 19879 | Orc:2    | Found Cairchal's Magic Scroll Shoppe.
 19882 | Orc:2    | Found Utaug's Book Boutique.
 19882 | Orc:2    | Found Addi's General Store.
 19895 | Orc:2    | Bought a potion of might for 48 gold pieces
 19895 | Orc:2    | Bought 2 potions of flight for 72 gold pieces
 19907 | Orc:2    | Bought 2 scrolls of identify for 48 gold pieces
 19912 | Orc:2    | Bought a scroll of acquirement for 884 gold pieces
 19913 | Orc:2    | Acquired the ring "Zuiskyg" {Will+ MP-9 Dex+3 SInv}
 20393 | Orc:1    | Noticed an orc warlord
 20414 | Orc:1    | Killed an orc warlord
 20446 | Orc:1    | Found Poinithra's Magic Scroll Shoppe.
 20457 | Orc:1    | Bought a scroll of blinking for 120 gold pieces
 20707 | D:13     | Found a frozen archway.
 20717 | IceCv    | Entered an ice cave
 20856 | IceCv    | Identified the +11 war axe "Poirr" {vorpal, Str+3}
 21041 | D:13     | Reached XP level 16. HP: 84/165 MP: 6/15
 21306 | D:13     | Found a gate to the Vaults.
 21368 | D:13     | Reached skill level 1 in Axes
 21404 | D:13     | Reached skill level 1 in Shields
 21444 | D:13     | Found Zatah's General Store.
 21826 | D:14     | Found a flagged portal.
 21865 | Bailey   | Entered a bailey
 21928 | Bailey   | Identified the +11 war axe of Egaf Weh {vorpal, rC++} (Trog
                  | gifted it to you in a bailey)
 21928 | Bailey   | Received a gift from Trog
 22341 | D:14     | Reached skill level 19 in Unarmed Combat
 22372 | D:14     | Noticed Kirke
 22391 | D:14     | Killed Kirke
 22854 | D:14     | Found a runed translucent door.
 22862 | D:14     | Noticed Meop's ghost (journeyman DEAE)
 22878 | D:14     | Killed Meop's ghost
 23084 | D:14     | Found an ornate altar of the Wu Jian Council.
 23216 | D:15     | Entered Level 15 of the Dungeon
 23283 | D:15     | Found a staircase to the Depths.
 23611 | D:15     | Found Gacurch's Book Shop.
 24400 | Swamp:1  | Entered Level 1 of the Swamp
 24571 | Swamp:1  | Received a gift from Trog
 24571 | Swamp:1  | HP: 12/250 [swamp worm[a spriggan druid] (23)]
 24578 | Swamp:1  | Slain by a tyrant leech

Illustrated notes

Levels and vault maps discovered:
D:1:      dpeg_arrival_simpleton_b, layout_basic, hangedman_decor_opposing
D:2:      layout_rooms, shapermc_ecumenical_altar_hornbeckon, eino_tiny_chamber,
          uniq_terence
D:3:      layout_basic, uniq_ijyb, uniq_crazy_yiuf_cottage
D:4:      layout_basic, old_standard_altar, serial_forest,
          infiniplex_forest_corner_1, infiniplex_forest_split,
          infiniplex_forest_clump_small, infiniplex_forest_clump_diagonal,
          infiniplex_forest_clump_long, infiniplex_forest_clump_diagonal,
          infiniplex_forest_diagonal, hangedman_decor_riveting, uniq_natasha,
          uniq_eustachio
D:5:      cheibrodos_two_vegetables, layout_cave_pools, xom_confusion_cloud,
          temple_doors_ab, kennysheep_generic_room_9, uniq_blork_the_orc,
          uniq_prince_ribbit1, uniq_sigmund
D:6:      layout_basic, lemuel_doored_altar
D:7:      layout_rooms, marbit_many_paths, nicolae_overflow_crystal_walls,
          nicolae_dithmenos_the_darkroom, amcnicky_altar_gilded,
          minmay_misc_feat_diagonals, kennysheep_generic_room_13, uniq_joseph
D:8:      layout_basic, lightli_temple_of_fire, uniq_harold
D:9:      layout_loops_ring, chequers_temple_overflow_statue_of_worship,
          gammafunk_temple_overflow_pools, erik_lair_orcish_takeover,
          hangedman_misty_isle
D:10:     minmay_the_grid_3x2 [minmay_the_grid_rooms, minmay_the_grid_gridbox,
          minmay_the_grid_broken_lines, minmay_the_grid_x,
          minmay_the_grid_pillar_ring, minmay_the_grid_prize_four_corners],
          layout_layer_cave, old_standard_altar, lemuel_round_altar,
          minmay_alternating_orb, uniq_urug
D:11:     minmay_opposing_rooms, layout_layer_cave
D:12:     layout_roguey, orc_0_dummy, gauntlet_entry_generic
D:13:     layout_basic, lightli_vaults_fourway_checkpoint, serial_shops, shop,
          portal_ice_cave_entry_pillars_1
D:14:     layout_irregular_city, nzn_wu_jian_contemplation,
          ebering_ghost_reflecting_pool, enter_bailey_5, uniq_kirke
D:15:     grunt_enter_depths_giant_problem, layout_loops_ring, serial_shops,
          shop, corexii_corridor_pit
Lair:1:   layout_cave_pods, minivault_26
Lair:2:   layout_roguey, nicolae_spider_entry_non_spiders, uniq_gastronok
Lair:3:   layout_regular_city, grunt_megastairs_1, lemuel_fruit_fields,
          minmay_lair_oklob_chamber, serial_bayou_shore_a,
          infiniplex_staircase_pool_2, lemuel_fruit_tree, uniq_fannar
Lair:4:   layout_small_grid, nicolae_swamp_entry_splash_gauntlet,
          enter_volcano_2, grunt_megastairs_3, lemuel_fruit_fields
Lair:5:   dpeg_oklob_shooting_range, layout_misc_corridors,
          chequers_serial_rivers_large_b, pond
Lair:6:   minmay_lair_end_frog_pond, layout_regular_city,
          dpeg_slime_entry_enclosed_altar, minmay_lair_oklob_items,
          roderic_batcave, grunt_forest_small_clearings
Swamp:1:  layout_basic_swamp, serial_swamp_ruin, evilmike_swamp_ruin_house_4,
          evilmike_swamp_ruin_rubble_2, evilmike_swamp_ruin_house_6,
          infiniplex_staircase_pool
Orc:1:    layout_diamond_mine, serial_shops, shop, shop, mines2_david,
          uniq_erica, uniq_nergalle
Orc:2:    grunt_orc_tribal_feast, layout_diamond_mine, mines2_lemuel

Skill      XL: |  1  2  3  4  5  6  7  8  9 10 11 12 13 14 15 16 |
---------------+-------------------------------------------------+-----
Unarmed Combat | 4 5 6 7 8 10 12 13 15 16 17 18 19 | 19.3
Throwing       | 1 2 3 5 6 7 9 10 11 12 13 | 13.1
Fighting       | 3 4 5 6 7 8 9 10 11 12 | 12.4
Dodging        | 4 7 8 |  8.7
Maces & Flails | 2 4 |  4.0
Axes           | 2 |  2.9
Shields        | 2 |  2.7

Action                   |  1- 3 |  4- 6 |  7- 9 | 10-12 | 13-15 | 16-18 || total
-------------------------+-------+-------+-------+-------+-------+-------++-------
Melee: Unarmed           |    89 |   113 |   184 |   411 |   994 |   286 ||  2077
       Punch             |     2 |     2 |    10 |    31 |   121 |       ||   166
       Demon whip        |       |       |       |     5 |    43 |    13 ||    61
Throw: Boomerang         |     1 |       |     1 |       |       |       ||     2
       Dart              |       |       |     3 |     5 |       |       ||     8
       Javelin           |       |       |       |    15 |    27 |       ||    42
       Large rock        |       |       |       |       |     4 |       ||     4
Invok: Berserk           |     1 |     4 |     4 |     5 |     6 |     2 ||    22
       Brothers in Arms  |       |       |       |     3 |     9 |     1 ||    13
       Trog's Hand       |       |       |       |       |     3 |     1 ||     4
Evoke: Wand              |       |       |       |     3 |       |       ||     3
  Use: Scroll            |       |     8 |     5 |    10 |    13 |     4 ||    40
Armor: Animal skin       |    34 |    44 |    31 |       |       |       ||   109
       Robe              |       |       |     9 |    11 |       |       ||    20
       Steam dragon scal |       |       |    29 |   185 |   385 |       ||   599
       Troll leather arm |       |       |       |       |    87 |   101 ||   188
Dodge: Dodged            |    58 |    51 |    87 |   140 |   409 |   124 ||   869
Block: Other             |       |       |    37 |    74 |   194 |       ||   305
       Reflection        |       |       |     1 |     1 |     4 |    34 ||    40
       Kite shield       |       |       |       |       |       |   271 ||   271

Table legend: (Time is in decaauts)
 A = Elapsed time spent in this place.
 B = Non-inter-level travel time spent in this place.
 C = Inter-level travel time spent in this place.
 D = Time resting spent in this place.
 E = Time spent auto-exploring this place.
 F = Levels seen in this place.
 G = Mean time per level.
                   A        B        C        D        E       F      G
               +--------+--------+--------+--------+--------+-----+--------+
         Total |  24438 |  22589 |   1849 |   1224 |  14181 |  28 |  872.8 |
       Dungeon |  14527 |  13349 |   1178 |    564 |   9496 |  15 |  968.5 |
          Lair |   6411 |   5980 |    431 |    294 |   3715 |   6 | 1068.5 |
         Swamp |     53 |     53 |      0 |      0 |      0 |   1 |   53.0 |
  Orcish Mines |   1975 |   1736 |    239 |    270 |    866 |   2 |  987.5 |
        Bailey |    428 |    428 |      0 |      9 |     23 |   1 |  428.0 |
      Ice Cave |    183 |    183 |      0 |     10 |      0 |   1 |  183.0 |
       Volcano |    408 |    408 |      0 |     74 |     80 |   1 |  408.0 |
      Gauntlet |    448 |    448 |      0 |      1 |      0 |   1 |  448.0 |
               +--------+--------+--------+--------+--------+-----+--------+

Top non-repeatable levels by time:
    D:11: 1542 daAuts
  Lair:6: 1450 daAuts
    D:10: 1444 daAuts
     D:4: 1330 daAuts
  Lair:4: 1301 daAuts
     D:3: 1104 daAuts
   Orc:2: 1103 daAuts
    D:12: 1036 daAuts
  Lair:3: 1034 daAuts
     D:8: 1010 daAuts
    D:15: 1000 daAuts
    D:14: 992 daAuts
  Lair:5: 969 daAuts
     D:5: 959 daAuts
     D:9: 923 daAuts
